 Dungeon Crawl Stone Soup version 0.28.0-43-g3370ac3207 (webtiles) character file.

Game seed: 16346923306518524679

917 Acheron the Cutter (level 7, -11/47 (50) HPs)
             Began as a Demonspawn Hedge Wizard on Mar 18, 2022.
             Was a Follower of Nemelex Xobeh.
             Mangled by an ogre
             ... wielding a +0 giant spiked club
              (29 damage)
             ... on level 6 of the Dungeon.
             The game lasted 00:24:28 (7770 turns).

Acheron the Cutter (Demonspawn Hedge Wizard)        Turns: 7770, Time: 00:24:34

HP:   -11/47 (50)   AC:  6    Str: 16    XL:     7   Next: 83%
MP:   11/12         EV: 16    Int: 15    God:    Nemelex Xobeh [*.....]
Gold: 994           SH:  0    Dex: 15    Spells: 5/13 levels left

rFire   . . .      SeeInvis .   e - +1 short sword (speed)
rCold   . . .      Faith    .   (no shield)
rNeg    . . .      Spirit   .   v - +0 leather armour
rPois   .          Reflect  .   c - +0 hat
rElec   .          Harm     .   (no cloak)
rCorr   .          Rampage  .   y - +0 pair of gloves
Will    .....                   (no boots)
Stlth   ++........              (no amulet)
HPRegen 0.15/turn               a - +6 ring of strength
MPRegen 0.13/turn               r - +4 ring of evasion

@: studying Short Blades, drained
A: hooves 1, thin metallic scales 1, powered by pain 2
a: Renounce Religion, Draw Escape, Draw Destruction, Draw Summoning


You were on level 6 of the Dungeon.
You worshipped Nemelex Xobeh.
Nemelex Xobeh was aware of your devotion.
You visited 2 branches of the dungeon, and saw 7 of its levels.

You collected 994 gold pieces.

Inventory:

Hand Weapons
 e - a +1 short sword of speed (weapon)
 m - a +0 war axe
Missiles
 f - 147 stones
 n - 3 boomerangs
 q - 14 poisoned darts (quivered)
Armour
 c - a +0 hat (worn)
 v - a +0 leather armour (worn)
 y - a +0 pair of gloves (worn)
Magical Staves
 d - a staff of poison
 l - a staff of conjuration
Jewellery
 a - a +6 ring of strength (left hand)
 r - a +4 ring of evasion (right hand)
 s - a ring of ice
Scrolls
 b - a scroll of magic mapping {unknown}
 g - a scroll of identify
 o - a scroll of silence {unknown}
 w - a scroll of brand weapon {unknown}
 x - a scroll of fear {unknown}
Potions
 h - 2 potions of curing
 i - a potion of heal wounds
 j - 2 potions of might
 k - 2 potions of resistance
 p - 2 potions of haste
 t - a potion of berserk rage
 u - a potion of brilliance {unknown}


   Skills:
 * Level 2.2 Fighting
 * Level 4.5 Short Blades
 * Level 1.6 Throwing
 * Level 1.6 Armour
 * Level 2.7 Dodging
 * Level 3.1 Stealth
 * Level 3.9 Spellcasting
 + Level 2.1 Conjurations
 * Level 2.2 Summonings
 + Level 1.5 Translocations
 * Level 1.2 Poison Magic
 * Level 2.2 Invocations
 * Level 1.7 Evocations


You had 5 spell levels left.
You knew the following spells:

 Your Spells              Type           Power      Damage    Failure   Level
a - Magic Dart            Conj           36%        1d4       10%         1
b - Blink                 Tloc           14%        N/A       19%         2
c - Call Imp              Summ           9%         N/A       14%         2
d - Conjure Flame         Conj/Fire      6%         6-21      41%         3

Your spell library contained the following spells:

 Spells                   Type           Power      Damage    Failure   Level
 Slow                     Hex            8%         N/A       22%         1
 Sublimation of Blood     Necr           2%         N/A       34%         2
 Mephitic Cloud           Conj/Pois/Air  6%         N/A       38%         3
 Petrify                  Tmut/Erth      2%         N/A       92%         4
 Irradiate                Conj/Tmut      3%         3d14      99%         5


Dungeon Overview and Level Annotations

Branches:
Dungeon (6/15)             Temple (1/1) D:4

Altars:
Ashenzari
Cheibriados
Dithmenos
Elyvilon
Fedhas
Gozag
Hepliaklqana
Kikubaaqudgha
Makhleb
Nemelex Xobeh
Okawaru
Qazlal
Ru
Sif Muna
Trog
Uskayaw
Vehumet
Wu Jian
Xom
Yredelemnul
Zin
The Shining One

Annotations:
D:2 1 runed translucent door, Crazy Yiuf
D:4 exclusion: downstairs, Blork the orc


Innate Abilities, Weirdness & Mutations

You have large cloven feet.
You are partially covered in thin metallic scales. (AC +2)
You sometimes gain power by taking damage.


Message History

The wight is lightly damaged.
The wight hits you with a +0 hand axe!
You closely miss the wight. Your kick misses the wight.
The wight is lightly damaged.
You hit the wight. You punch the wight, but do no damage.
The wight is moderately damaged.
The wight hits you with a +0 hand axe.
You feel drained.
You barely miss the wight. Your kick misses the wight.
The wight is moderately damaged.
The wight misses you.
You barely miss the wight.
The wight is moderately damaged.
You barely miss the wight.
The wight is moderately damaged.
The wight hits you with a +0 hand axe!
You feel drained.
Casting: Call Imp (safe; 14% risk of failure)
Confirm with . or Enter, or press ? or * to list all spells.
A beastly little devil appears in a puff of flame.
The wight closely misses you.
You swap places.
The wight hits your crimson imp with a +0 hand axe.
Your crimson imp closely misses the wight.
An ogre comes into view. It is wielding a +0 giant spiked club.
The ogre shouts!
The wight barely misses your crimson imp.
Your crimson imp closely misses the wight.
The wight closely misses your crimson imp.
The ogre barely misses you.
Your crimson imp barely misses the wight.
The wight barely misses your crimson imp.
Your crimson imp blinks!
The wight hits your crimson imp with a +0 hand axe!
Your crimson imp closely misses the wight.
The wight hits your crimson imp with a +0 hand axe.
Your crimson imp dies!
Your crimson imp disappears in a puff of smoke!
The ogre hits you with a +0 giant spiked club!!
Ouch! That really hurt!
You die...
Your body glows slightly and disappears. .. #K# ....z #.##z# oz..

..#ยง#
#.#.#
#.#.#
#...#
##..#
##.O#####
#..@....#
#.#.###.#
#?#.#
#.#.#
#.#.# #.#
#.# #.#


You could see an ogre and a wight.

Vanquished Creatures
  A necrophage (D:6)
  A boggart (D:4)
  A scorpion (D:4)
  A howler monkey (D:6)
  2 bullfrog zombies
  A jelly (D:4)
  4 hounds
  A bullfrog skeleton (D:5)
  An iguana (D:5)
  2 orc wizards (D:5)
  Natasha (thrice) (D:2)
  5 gnolls
  7 adders
  An ufetubus (D:4)
  2 worms
  4 dart slugs
  13 orcs
  7 ball pythons
  10 endoplasms
  A giant cockroach (D:2)
  13 goblins
  3 hobgoblins
  3 quokkas
  6 bats
  3 frilled lizards (D:1)
  8 kobolds
  A quokka skeleton (D:4)
  6 rats
111 creatures vanquished.

Vanquished Creatures (collateral kills)
  A jelly (D:4)
1 creature vanquished.

Grand Total: 112 creatures vanquished

Notes
Turn   | Place    | Note
-------+----------+-------------------------------------------
     0 | D:1      | Acheron the Demonspawn Hedge Wizard began the quest for the
                  | Orb.
     0 | D:1      | Reached XP level 1. HP: 13/13 MP: 4/4
   154 | D:1      | Gained mutation: You are partially covered in thin metallic
                  | scales. (AC +2) [demonic ancestry]
   154 | D:1      | Reached XP level 2. HP: 12/20 MP: 6/6
   770 | D:1      | Reached skill level 1 in Short Blades
  1094 | D:2      | HP: 1/20 [poisoned by an adder]
  1095 | D:2      | Gained mutation: You sometimes gain a little power by
                  | taking damage. [demonic ancestry]
  1095 | D:2      | Reached XP level 3. HP: 1/25 MP: 7/7
  1270 | D:2      | Noticed Natasha
  1324 | D:4      | Learned a level 2 spell: Blink
  1327 | D:4      | Learned a level 2 spell: Call Imp
  1359 | D:4      | Noticed Blork the orc
  1368 | D:5      | Entered Level 5 of the Dungeon
  1376 | D:4      | Reached skill level 1 in Fighting
  1376 | D:4      | Reached skill level 1 in Translocations
  1376 | D:4      | Reached XP level 4. HP: 13/32 MP: 8/8
  1598 | D:3      | Found a faded altar of an unknown god.
  1841 | D:4      | Found a staircase to the Ecumenical Temple.
  1854 | Temple   | Entered the Ecumenical Temple
  2004 | Temple   | Became a worshipper of Nemelex Xobeh the Trickster
  2160 | D:4      | Reached skill level 2 in Short Blades
  2541 | D:2      | Gained mutation: You sometimes gain power by taking damage.
                  | [demonic ancestry]
  2541 | D:2      | Reached XP level 5. HP: 30/37 MP: 10/10
  2713 | D:2      | Reached * piety under Nemelex Xobeh
  2815 | D:2      | Killed Natasha
  3143 | D:2      | Noticed Natasha
  3221 | D:2      | Killed Natasha
  3745 | D:2      | Noticed Natasha
  3777 | D:2      | Killed Natasha
  4225 | D:2      | Found a runed translucent door.
  4226 | D:2      | Noticed Crazy Yiuf
  4539 | D:3      | Received a gift from Nemelex Xobeh
  4874 | D:3      | Reached XP level 6. HP: 37/43 MP: 11/11
  4885 | D:3      | Reached skill level 1 in Invocations
  5047 | D:3      | Reached skill level 1 in Evocations
  5243 | D:3      | Identified a scroll of acquirement
  5243 | D:3      | Acquired 790 gold pieces
  5416 | D:4      | Reached skill level 3 in Short Blades
  5857 | D:5      | Reached skill level 1 in Throwing
  5964 | D:5      | Learned a level 3 spell: Conjure Flame
  6098 | D:5      | Gained mutation: You have large cloven feet. [demonic
                  | ancestry]
  6098 | D:5      | Reached XP level 7. HP: 32/49 MP: 10/12
  7049 | D:6      | Reached skill level 1 in Armour
  7152 | D:6      | Reached skill level 4 in Short Blades
  7321 | D:5      | Received a gift from Nemelex Xobeh
  7371 | D:5      | Reached skill level 1 in Poison Magic
  7770 | D:6      | Mangled by an ogre

Illustrated notes

Levels and vault maps discovered:
D:1:      evilmike_arrival_fibonacci_small, layout_loops_ring,
          serial_park_tiny_pond
D:2:      layout_basic, serial_rivers, chequers_serial_rivers_micro_c,
          chequers_serial_rivers_large_a, chequers_serial_rivers_room_b,
          chequers_serial_rivers_large_b, chequers_serial_rivers_room_b,
          chequers_serial_rivers_room_a, kennysheep_potato, uniq_natasha,
          uniq_crazy_yiuf_cottage
D:3:      layout_basic, chequers_temple_overflow_statue_of_worship,
          ebering_ecumenical_altar_webs, minmay_joined_circles
D:4:      layout_basic, minmay_temple_entry_slanted, minmay_manual_macuahuitl,
          uniq_blork_the_orc
D:5:      layout_loops_ring
D:6:      layout_basic, serial_shops, shop, lightli_church_of_beogh
Temple:   regret_index_temple_chain_breaker

Skill      XL: |  1  2  3  4  5  6  7 |
---------------+----------------------+-----
Stealth        | 2 3 |  3.1
Short Blades   | 1 2 3 4 |  4.5
Dodging        | 2 |  2.7
Fighting       | 1 2 |  2.2
Translocations | 1 |  1.5
Invocations    | 1 2 |  2.2
Evocations     | 1 |  1.7
Conjurations   | 2 |  2.1
Throwing       | 1 |  1.6
Summonings     | 2 |  2.2
Armour         | 1 |  1.6
Poison Magic   | 1 |  1.2
Spellcasting   | |  3.9

Action                   |  1- 3 |  4- 6 |  7- 9 || total
-------------------------+-------+-------+-------++-------
Melee: Short sword       |    83 |   376 |   107 ||   566
       Dagger            |     9 |       |       ||     9
       Punch             |     2 |     8 |     3 ||    13
       Kick              |       |       |    29 ||    29
 Cast: Magic Dart        |     3 |       |       ||     3
       Call Imp          |       |     7 |     3 ||    10
Invok: Draw Destruction  |       |       |     1 ||     1
  Use: Potion            |     1 |     1 |     1 ||     3
       Scroll            |       |    10 |       ||    10
 Stab: Sleeping          |     2 |    10 |     1 ||    13
Armor: Robe              |    17 |    26 |       ||    43
       Leather armour    |       |    13 |    17 ||    30
Dodge: Dodged            |    33 |   169 |    60 ||   262
